AoeStats
← CazadorGT

Arabia

509936693Analyzed
3v3 RM · 3d ago on Sep 28, 2026· 36m 0s· 6 players
Game mode
Random Map
Map size
Normal (6 player)
Population
200
Speed
Normal
Resources
Standard
Victory
Conquest
Starting age
Dark Age
Ending age
Imperial Age
RankedLock teamsTeams togetherTeam positionsShared explorationLock speedFull tech treeHidden civsTurbo modeCheats
Victory
Defeat
🇧🇷 Vietnamese · Brazil
1124
+15
🇬🇹 Mongols · Guatemala
1111
+15
🇬🇧 Danes · United Kingdom
1089
+16
🇨🇿 Vietnamese · Czechia
1158
-18
🇨🇿 Varangians · Czechia
1085
-15
🇨🇿 Bohemians · Czechia
1047
-13
SammyDiamonds
7:05 Loom
10:47 Feudal Age
10:52 Man-at-Arms
11:44 Double-Bit Axe
11:55 Arson
16:00 Forging
16:41 Scale Mail Armor
21:38 Castle Age
21:14 Horse Collar
23:52 Chain Mail Armor
23:53 Bow Saw
33:41 Imperial Age
32:56 Heavy Plow
33:48 Ballistics
35:09 Plate Mail Armor
36:04 Conscription
Sam
6:29 Loom
9:03 Feudal Age
15:38 Double-Bit Axe
16:29 Fletching
19:46 Padded Archer Armor
25:36 Castle Age
26:06 Crossbowman
26:45 Bodkin Arrow
27:06 Leather Archer Armor
28:41 Bow Saw
31:38 Elite Skirmisher
CazadorGT
3:18 Loom
9:03 Feudal Age
12:06 Forging
11:56 Double-Bit Axe
14:15 Scale Barding Armor
21:55 Castle Age
19:57 Horse Collar
22:02 Bloodlines
22:16 Gold Mining
23:13 Iron Casting
22:33 Light Cavalry
26:31 Chain Barding Armor
28:20 Fletching
34:19 Wheelbarrow
chong with bong
11:23 Feudal Age
9:48 Loom
12:12 Feudal Age
16:59 Castle Age
16:58 Double-Bit Axe
32:38 Wheelbarrow
33:57 Hand Cart
33:27 Pikeman
34:27 Horse Collar
35:01 Bow Saw
35:21 Scale Mail Armor
Gnam
5:42 Loom
11:05 Feudal Age
11:39 Double-Bit Axe
23:56 Castle Age
21:54 Horse Collar
22:07 Gold Mining
22:35 Fletching
24:03 Stone Mining
24:09 Crossbowman
24:48 Bodkin Arrow
25:46 Scale Barding Armor
29:14 Forging
Stone159
7:01 Loom
9:54 Feudal Age
10:31 Double-Bit Axe
11:51 Horse Collar
12:21 Fletching
22:29 Castle Age
20:56 Padded Archer Armor
21:23 Gold Mining
22:38 Crossbowman
23:16 Bodkin Arrow
24:06 Bow Saw
26:19 Bow Saw
26:13 Heavy Plow
26:50 Wheelbarrow
26:00 Town Watch
28:53 Hand Cart
31:28 Scale Mail Armor
Connection lost

Rejoining the realm…

Still unreachable

The connection could not be restored.

Session expired

The server has moved on; the page needs a fresh start.